NYP
STATEN ISLAND YANKEES @ VERMONT LAKE MONSTERS
08/18/2049
 
TOP OF THE 1ST
Staten Island Yankees batting - Pitching for Vermont Lake Monsters : RHP Terry Evans
Pitching: RHP Terry Evans
Batting: LHB Carlos Palau 0-0: Ball
1-0: Called Strike
1-1: Ball
2-1: Foul Ball, location: 2F
2-2: Foul Ball, location: 2F
2-2: Foul Ball, location: 2F
2-2: Foul Ball, location: 2F
2-2: Ball
3-2: Base on Balls
Batting: LHB Justin Short 0-0: Swinging Strike
0-1: Ball
1-1: Ball
2-1: Foul Ball, location: 2F
2-2: Foul Ball, location: 2F
2-2: Foul Ball, location: 2F
2-2: Foul Ball, location: 2F
2-2: Fly out, F8 (Flyball, 8RD, EV 98.1 MPH)
Batting: RHB Pat Pemberton 0-0: Ball
Carlos Palau steals 2nd base
1-0: Ball
2-0: Swinging Strike
2-1: Ball
3-1: Base on Balls
Batting: RHB Brad Wren 0-0: Ball
1-0: Ball
2-0: Called Strike
2-1: Ball
3-1: Base on Balls
Carlos Palau to third
Pat Pemberton to second
Batting: SHB Adam Slade 0-0: Ball
1-0: Foul Ball, location: 2F
1-1: Reached on error, E6 (Groundball, 6, EV 101.2 MPH)
Carlos Palau scores
Pat Pemberton to third
Brad Wren to second
Batting: RHB Edite Leoni 0-0: Grounds into double play, 5-4-3 (Groundball, 56, EV 81.2 MPH)
Top of the 1st over - 1 run, 0 hits, 1 error, 2 left on base; Staten Island 1 - Vermont 0
BOTTOM OF THE 1ST
Vermont Lake Monsters batting - Pitching for Staten Island Yankees : RHP Eric Patrick
Pitching: RHP Eric Patrick
Batting: RHB Alberto Malagon 0-0: Swinging Strike
0-1: Ball
1-1: Foul Ball, location: 2F
1-2: SINGLE (Groundball, 56D, EV 100.6 MPH)
Batting: SHB Berthold Frey 0-0: Fly out, F7 (Flyball, 78M, EV 85.6 MPH)
Batting: RHB Ryan Jennings 0-0: Ball
1-0: Ball
2-0: Ball
3-0: Base on Balls
Alberto Malagon to second
Batting: RHB Edgardo Rivera 0-0: Grounds into double play, 5-4-3 (Groundball, 56, EV 90.6 MPH)
Bottom of the 1st over - 0 runs, 1 hit, 0 errors, 1 left on base; Staten Island 1 - Vermont 0
TOP OF THE 2ND
Staten Island Yankees batting - Pitching for Vermont Lake Monsters : RHP Terry Evans
Batting: LHB Danny de Leon 0-0: Called Strike
0-1: Swinging Strike
0-2: Strikes out looking
Batting: RHB Jesus Ruiz 0-0: Ball
1-0: Ball
2-0: Ball
3-0: Called Strike
3-1: Ground out 5-3 (Groundball, 56S, EV 83.1 MPH)
Pitching: RHP Herman McPherson
Batting: RHB Norimoto Miyanishi 0-0: Ball
1-0: Ball
2-0: Foul Ball, location: 2F
2-1: Ball
3-1: Base on Balls
Batting: LHB Carlos Palau 0-0: Ball
Norimoto Miyanishi steals 2nd base
1-0: Called Strike
1-1: Ball
2-1: Ground out 6-3 (Groundball, 6MS, EV 61.2 MPH)
Top of the 2nd over - 0 runs, 0 hits, 0 errors, 1 left on base; Staten Island 1 - Vermont 0
BOTTOM OF THE 2ND
Vermont Lake Monsters batting - Pitching for Staten Island Yankees : RHP Eric Patrick
Batting: RHB Todd Vanasco 0-0: Ground out 6-3 (Groundball, 6, EV 97.5 MPH)
Batting: RHB Tetsuya Shinoda 0-0: Ball
1-0: Fly out, F7 (Flyball, 78S, EV 93.8 MPH)
Batting: RHB Jon Coleman 0-0: SINGLE (Groundball, 3S, EV 67.5 MPH) (infield hit)
Batting: SHB Steve Salafia 0-0: DOUBLE (Flyball, 8RXD, EV 105.0 MPH)
Jon Coleman to third
Batting: SHB Mike Kirk 0-0: Foul Ball, location: 2F
Balk!
Jon Coleman scores
Steve Salafia to third
0-1: Ball
1-1: Ball
2-1: Reached on error, E4 (Groundball, 4, EV 100.6 MPH)
Steve Salafia scores
Batting: RHB Alberto Malagon 0-0: Ground out 6-3 (Groundball, 6M, EV 85.0 MPH)
Bottom of the 2nd over - 2 runs, 2 hits, 1 error, 1 left on base; Staten Island 1 - Vermont 2
TOP OF THE 3RD
Staten Island Yankees batting - Pitching for Vermont Lake Monsters : RHP Herman McPherson
Batting: LHB Justin Short 0-0: Ball
1-0: Swinging Strike
1-1: Ball
2-1: Foul Ball, location: 2F
2-2: Ball
3-2: Foul Ball, location: 2F
3-2: Foul Ball, location: 2F
3-2: Strikes out swinging
Batting: RHB Pat Pemberton 0-0: Ball
1-0: Ball
2-0: Called Strike
2-1: SOLO HOME RUN (Line Drive, 7D, EV 96.9 MPH), Distance : 381 ft
Batting: RHB Brad Wren 0-0: Foul Ball, location: 2F
0-1: Ball
1-1: Foul Ball, location: 2F
1-2: Strikes out swinging
Batting: SHB Adam Slade 0-0: Ball
1-0: Swinging Strike
1-1: Ball
2-1: Called Strike
2-2: Ground out U3 (Groundball, 3S, EV 83.1 MPH)
Top of the 3rd over - 1 run, 1 hit, 0 errors, 0 left on base; Staten Island 2 - Vermont 2
BOTTOM OF THE 3RD
Vermont Lake Monsters batting - Pitching for Staten Island Yankees : RHP Eric Patrick
Batting: SHB Berthold Frey 0-0: Swinging Strike
0-1: Ball
1-1: Swinging Strike
1-2: Ball
2-2: Ball
3-2: Base on Balls
Batting: RHB Ryan Jennings 0-0: Called Strike
0-1: SINGLE (Line Drive, 89S, EV 104.4 MPH)
Berthold Frey to second
Batting: RHB Edgardo Rivera 0-0: Called Strike
0-1: Called Strike
Berthold Frey steals 3rd base
0-2: Fly out, F8 (Line Drive, 8LM, EV 90.6 MPH)
Batting: RHB Todd Vanasco 0-0: 3-RUN HOME RUN (Flyball, 78XD, EV 104.4 MPH), Distance : 418 ft
Batting: RHB Tetsuya Shinoda 0-0: Swinging Strike
0-1: Foul Ball, location: 2F
0-2: Strikes out swinging
Batting: RHB Jon Coleman 0-0: Foul Ball, location: 2F
0-1: Called Strike
0-2: Ball
1-2: Ball
2-2: Strikes out swinging
Bottom of the 3rd over - 3 runs, 2 hits, 0 errors, 0 left on base; Staten Island 2 - Vermont 5
TOP OF THE 4TH
Staten Island Yankees batting - Pitching for Vermont Lake Monsters : RHP Herman McPherson
Batting: RHB Edite Leoni 0-0: Called Strike
0-1: Swinging Strike
0-2: Ball
1-2: Foul Ball, location: 2F
1-2: Ground out 3-1 (Groundball, 34, EV 88.1 MPH)
Batting: LHB Danny de Leon 0-0: Foul Ball, location: 2F
0-1: Swinging Strike
0-2: Foul Ball, location: 2F
0-2: Strikes out looking
Batting: RHB Jesus Ruiz 0-0: Called Strike
0-1: Hit by Pitch
Batting: RHB Norimoto Miyanishi 0-0: Ball
1-0: Ball
2-0: Swinging Strike
2-1: Foul Ball, location: 2F
2-2: Strikes out swinging
Top of the 4th over - 0 runs, 0 hits, 0 errors, 1 left on base; Staten Island 2 - Vermont 5
BOTTOM OF THE 4TH
Vermont Lake Monsters batting - Pitching for Staten Island Yankees : RHP Eric Patrick
Batting: SHB Steve Salafia 0-0: Called Strike
0-1: Ball
1-1: Called Strike
1-2: Foul Ball, location: 2F
1-2: Foul Ball, location: 2F
1-2: Ground out 4-3 (Groundball, 4MS, EV 82.5 MPH)
Batting: SHB Mike Kirk 0-0: SINGLE (Line Drive, 9S, EV 91.2 MPH)
Batting: RHB Alberto Malagon 0-0: Called Strike
0-1: Ball
1-1: Foul Ball, location: 2F
1-2: Ball
Mike Kirk is caught stealing 2nd base 2-4
2-2: Ground out 5-3 (Groundball, 56, EV 81.9 MPH)
Bottom of the 4th over - 0 runs, 1 hit, 0 errors, 0 left on base; Staten Island 2 - Vermont 5
TOP OF THE 5TH
Staten Island Yankees batting - Pitching for Vermont Lake Monsters : RHP Herman McPherson
Batting: LHB Carlos Palau 0-0: Called Strike
0-1: Foul Ball, location: 2F
0-2: Ball
1-2: Ball
2-2: Foul Ball, location: 2F
2-2: Foul Ball, location: 2F
2-2: Ball
3-2: Foul Ball, location: 2F
3-2: Foul Ball, location: 2F
3-2: Foul Ball, location: 2F
3-2: Foul Ball, location: 2F
3-2: Base on Balls
Pitching: RHP Igoryok Wolgaevsky
Batting: LHB Justin Short 0-0: Ball
Carlos Palau steals 2nd base
1-0: Ball
2-0: Foul Ball, location: 2F
2-1: Foul Ball, location: 2F
2-2: Foul Ball, location: 2F
2-2: Strikes out swinging
Batting: RHB Pat Pemberton 0-0: Ball
1-0: Foul Ball, location: 2F
1-1: SINGLE (Line Drive, 89M, EV 107.5 MPH)
Carlos Palau to third
Runner from 3rd tries for Home, SAFE, throw by CF to home
Pat Pemberton to second
Batting: RHB Brad Wren 0-0: Ball
1-0: Swinging Strike
1-1: Ball
2-1: Foul Ball, location: 2F
2-2: Ball
3-2: Base on Balls
Batting: SHB Adam Slade 0-0: Called Strike
0-1: Ball
1-1: Called Strike
1-2: Ball
2-2: Foul Ball, location: 2F
2-2: Fielders Choice at 2nd, 6-4 (Groundball, 6, EV 80.6 MPH)
Pat Pemberton to third
Batting: RHB Edite Leoni 0-0: Ball
1-0: Foul Ball, location: 2F
1-1: Swinging Strike
1-2: Foul Ball, location: 2F
1-2: Ball
2-2: Ball
3-2: Foul Ball, location: 2F
3-2: Foul Ball, location: 2F
3-2: Foul Ball, location: 2F
3-2: Base on Balls
Adam Slade to second
Batting: LHB Danny de Leon 0-0: Foul Ball, location: 2F
0-1: Swinging Strike
0-2: Strikes out looking
Top of the 5th over - 1 run, 1 hit, 0 errors, 3 left on base; Staten Island 3 - Vermont 5
BOTTOM OF THE 5TH
Vermont Lake Monsters batting - Pitching for Staten Island Yankees : RHP Eric Patrick
Pitching: RHP Gary Salazar
Batting: SHB Berthold Frey 0-0: Ball
1-0: Called Strike
1-1: Foul Ball, location: 2F
1-2: Ball
2-2: Ground out 2-3 (Groundball, 15S, EV 64.4 MPH)
Batting: RHB Ryan Jennings 0-0: Ball
1-0: Swinging Strike
1-1: Ball
2-1: Ball
3-1: Base on Balls
Batting: RHB Edgardo Rivera 0-0: Ball
1-0: Swinging Strike
1-1: Swinging Strike
1-2: Foul Ball, location: 2F
1-2: Strikes out swinging
Batting: RHB Todd Vanasco 0-0: Fly out, F3 (Popup, 34S, EV 65.0 MPH)
Bottom of the 5th over - 0 runs, 0 hits, 0 errors, 1 left on base; Staten Island 3 - Vermont 5
TOP OF THE 6TH
Staten Island Yankees batting - Pitching for Vermont Lake Monsters : RHP Igoryok Wolgaevsky
Batting: RHB Jesus Ruiz 0-0: Ball
1-0: Called Strike
1-1: Foul Ball, location: 2F
1-2: Ball
2-2: Ball
3-2: Foul Ball, location: 2F
3-2: SINGLE (Groundball, 34D, EV 102.5 MPH)
Batting: RHB Norimoto Miyanishi Pickoff Throw to First - Out! 1-3 CS
0-0: SOLO HOME RUN (Flyball, 7D, EV 103.1 MPH), Distance : 373 ft
Batting: LHB Carlos Palau 0-0: Ball
1-0: Fly out, F8 (Flyball, 8LM, EV 80.6 MPH)
Batting: LHB Justin Short 0-0: Ball
1-0: Foul Ball, location: 2F
1-1: Ball
2-1: Ground out U3 (Groundball, 3S, EV 76.2 MPH)
Top of the 6th over - 1 run, 2 hits, 0 errors, 0 left on base; Staten Island 4 - Vermont 5
BOTTOM OF THE 6TH
Vermont Lake Monsters batting - Pitching for Staten Island Yankees : RHP Gary Salazar
Batting: RHB Tetsuya Shinoda 0-0: Called Strike
0-1: Foul Ball, location: 2F
0-2: Foul Ball, location: 2F
0-2: Ball
1-2: Foul Ball, location: 2F
1-2: Strikes out swinging
Batting: RHB Jon Coleman 0-0: Ball
1-0: Ball
2-0: Ground out 4-3 (Groundball, 4MD, EV 101.2 MPH)
Batting: SHB Steve Salafia 0-0: Ball
1-0: Ground out 4-3 (Groundball, 34, EV 101.2 MPH)
Bottom of the 6th over - 0 runs, 0 hits, 0 errors, 0 left on base; Staten Island 4 - Vermont 5
TOP OF THE 7TH
Staten Island Yankees batting - Pitching for Vermont Lake Monsters : RHP Igoryok Wolgaevsky
Batting: RHB Pat Pemberton 0-0: Fly out, F8 (Flyball, 89M, EV 93.1 MPH)
Batting: RHB Brad Wren 0-0: Ball
1-0: SINGLE (Flyball, 78S, EV 88.1 MPH)
Pitching: RHP Dave Magana
Batting: SHB Adam Slade 0-0: Called Strike
0-1: Ball
1-1: Foul Ball, location: 2F
1-2: Ball
2-2: Ball
3-2: Fly out, F9 (Flyball, 9, EV 90.0 MPH)
Batting: RHB Edite Leoni 0-0: Ball
1-0: Ground out 4-3 (Groundball, 34S, EV 91.2 MPH)
Top of the 7th over - 0 runs, 1 hit, 0 errors, 1 left on base; Staten Island 4 - Vermont 5
BOTTOM OF THE 7TH
Vermont Lake Monsters batting - Pitching for Staten Island Yankees : RHP Gary Salazar
Pitching: RHP Kenny Samuels
Batting: SHB Mike Kirk 0-0: SINGLE (Line Drive, 89M, EV 96.9 MPH)
Batting: RHB Alberto Malagon 0-0: Bunt - Flyout to 15S! F1
Batting: SHB Berthold Frey 0-0: Foul Ball, location: 2F
0-1: Foul Ball, location: 2F
0-2: Ball
1-2: Ball
2-2: SINGLE (Groundball, 4MD, EV 102.5 MPH)
Mike Kirk to second
Runner from 2nd tries for 3rd, OUT! 8-5
Batting: RHB Ryan Jennings 0-0: Ball
Berthold Frey steals 2nd base
1-0: Called Strike
1-1: Ball
2-1: DOUBLE (Flyball, 9LD, EV 106.9 MPH)
Berthold Frey scores
Batting: RHB Edgardo Rivera 0-0: Swinging Strike
0-1: Foul Ball, location: 2F
0-2: Ball
Wild Pitch!
Ryan Jennings to third
1-2: DOUBLE (Flyball, 8LXD, EV 101.9 MPH)
Ryan Jennings scores
Batting: RHB Todd Vanasco 0-0: Swinging Strike
0-1: Foul Ball, location: 2F
0-2: Ball
1-2: Strikes out swinging
Bottom of the 7th over - 2 runs, 4 hits, 0 errors, 1 left on base; Staten Island 4 - Vermont 7
TOP OF THE 8TH
Staten Island Yankees batting - Pitching for Vermont Lake Monsters : RHP Dave Magana
Batting: LHB Danny de Leon 0-0: Called Strike
0-1: Ball
1-1: Foul Ball, location: 2F
1-2: Strikes out swinging
Batting: RHB Jesus Ruiz 0-0: Foul Ball, location: 2F
0-1: Called Strike
0-2: Foul Ball, location: 2F
0-2: Ball
1-2: Foul Ball, location: 2F
1-2: Strikes out swinging
Batting: RHB Norimoto Miyanishi 0-0: Ball
1-0: Ball
2-0: Called Strike
2-1: Foul Ball, location: 2F
2-2: Ball
3-2: Foul Ball, location: 2F
3-2: Strikes out swinging
Top of the 8th over - 0 runs, 0 hits, 0 errors, 0 left on base; Staten Island 4 - Vermont 7
BOTTOM OF THE 8TH
Vermont Lake Monsters batting - Pitching for Staten Island Yankees : RHP Kenny Samuels
Batting: RHB Tetsuya Shinoda 0-0: Foul Ball, location: 2F
0-1: Foul Ball, location: 2F
0-2: DOUBLE (Line Drive, 9LD, EV 113.8 MPH)
Batting: RHB Jon Coleman 0-0: Ball
1-0: SINGLE (Groundball, 25, EV 71.2 MPH) (infield hit)
Tetsuya Shinoda to third
Batting: SHB Steve Salafia 0-0: Foul Ball, location: 2F
0-1: Grounds into double play, 4-6-3 (Groundball, 4, EV 105.0 MPH)
Tetsuya Shinoda scores
Pitching: RHP Jake Bryant
Batting: SHB Mike Kirk 0-0: Called Strike
0-1: Swinging Strike
0-2: Ball
1-2: Ground out 4-3 (Groundball, 4, EV 84.4 MPH)
Bottom of the 8th over - 1 run, 2 hits, 0 errors, 0 left on base; Staten Island 4 - Vermont 8
TOP OF THE 9TH
Staten Island Yankees batting - Pitching for Vermont Lake Monsters : RHP Dave Magana
Batting: LHB Carlos Palau 0-0: Ground out U3 (Groundball, 3D, EV 88.1 MPH)
Batting: LHB Justin Short 0-0: Ball
1-0: Ball
2-0: Ground out 4-3 (Groundball, 4, EV 85.6 MPH)
Batting: RHB Pat Pemberton 0-0: Ball
1-0: Swinging Strike
1-1: Foul Ball, location: 2F
1-2: Ground out U3 (Groundball, 34, EV 98.1 MPH)
Top of the 9th over - 0 runs, 0 hits, 0 errors, 0 left on base; Staten Island 4 - Vermont 8
Sunday, July 16th , 2023 - OOTP Baseball 24.6 Build 69